AoeStats
← Onkel_Phil

Arena

507487346Analyzed
4v4 RM · 15d ago on Sep 18, 2026· 40m 52s· 8 players
Game mode
Random Map
Map size
Large (8 player)
Population
200
Speed
Normal
Resources
Standard
Victory
Conquest
Starting age
Dark Age
Ending age
Imperial Age
RankedLock teamsTeams togetherTeam positionsShared explorationLock speedFull tech treeHidden civsTurbo modeCheats
Victory
Defeat
🇨🇳 Hindustanis · China
716
+11
681
+12
🇨🇳 Malay · China
626
+14
559
+17
🇩🇪 Romans · Germany
624
-15
🇨🇳 Jurchens · China
588
-13
🇿🇦 Persians · South Africa
585
-13
🇹🇷 Maya · Türkiye
579
-13
☾☆ KaaN ☯
12:11 Feudal Age
13:27 Double-Bit Axe
19:46 Castle Age
17:37 Horse Collar
23:00 Heavy Plow
23:12 Eagle Warrior
26:32 Thumb Ring
27:53 Padded Archer Armor
27:44 Fletching
27:55 Scale Mail Armor
28:06 Forging
29:40 Ballistics
30:28 Arson
30:51 Squires
31:39 Iron Casting
31:20 Chain Mail Armor
31:00 Bodkin Arrow
34:48 Leather Archer Armor
34:46 Pikeman
35:27 Squires
Onkel_Phil
10:48 Feudal Age
17:30 Castle Age
16:01 Stone Mining
16:47 Double-Bit Axe
17:44 Man-at-Arms
18:28 Loom
21:31 Horse Collar
24:21 Wheelbarrow
26:24 Fortified Wall
27:53 Heavy Plow
31:52 Pikeman
31:53 Man-at-Arms
32:34 Squires
32:29 Gold Mining
33:10 Hand Cart
33:34 Murder Holes
sheldongriffinjohnson
9:56 Feudal Age
19:49 Castle Age
19:11 Gold Mining
19:03 Horse Collar
19:14 Double-Bit Axe
19:57 Pikeman
22:50 Wheelbarrow
27:25 Bow Saw
27:38 Heavy Plow
30:18 Hand Cart
31:47 Gold Shaft Mining
34:13 Imperial Age
shenyany
10:35 Feudal Age
12:11 Horse Collar
17:59 Castle Age
16:18 Double-Bit Axe
16:38 Loom
30:44 Imperial Age
29:31 Fletching
29:10 Pikeman
30:26 Bow Saw
30:58 Gold Mining
32:46 Chemistry
32:52 Wheelbarrow
34:28 Scale Mail Armor
34:39 Forging
Gatherer
12:10 Feudal Age
12:15 Feudal Age
13:40 Double-Bit Axe
13:36 Horse Collar
16:19 Castle Age
16:14 Heavy Plow
16:25 Bow Saw
17:35 Wheelbarrow
29:23 Imperial Age
26:40 Loom
27:42 Hand Cart
29:00 Forging
28:55 Scale Barding Armor
29:11 Husbandry
29:57 Gold Mining
29:57 Stone Mining
29:57 Gold Mining
29:57 Stone Mining
29:30 Elite Battle Elephant
30:51 Husbandry
30:48 Town Watch
33:45 Iron Casting
33:02 Fletching
35:35 Blast Furnace
35:37 Guilds
37:03 Bodkin Arrow
37:41 Crop Rotation
41:58 Gold Shaft Mining
41:13 Stone Mining
41:58 Gold Shaft Mining
41:13 Stone Mining
Tamerlane
11:04 Feudal Age
11:59 Double-Bit Axe
14:54 Castle Age
13:42 Horse Collar
15:16 Loom
16:12 Bow Saw
20:33 Wheelbarrow
22:24 Squires
23:03 Town Watch
24:03 Fletching
27:00 Heavy Plow
28:19 Stone Mining
30:15 Grand Trunk Road
30:18 Gold Mining
31:04 Stone Shaft Mining
31:35 Ballistics
31:12 Bodkin Arrow
31:36 Hand Cart
31:41 Scale Mail Armor
34:50 Imperial Age
32:55 Masonry
33:13 Scale Mail Armor
35:23 Chain Mail Armor
35:03 Elite Ghulam
36:51 Forging
37:53 Hoardings
38:43 Conscription
39:20 Iron Casting
41:02 Blast Furnace
40:20 Arson
MyGO!!!!! Dr. Shiina Taki
11:07 Feudal Age
15:17 Castle Age
14:09 Double-Bit Axe
15:11 Wheelbarrow
15:27 Horse Collar
17:17 Bow Saw
18:56 Loom
22:35 Stone Mining
23:56 Hand Cart
24:04 Gold Mining
24:17 Scale Mail Armor
25:26 Chain Mail Armor
25:51 Heavy Plow
26:47 Gold Shaft Mining
30:42 Imperial Age
28:16 Corvinian Army
28:32 Scale Barding Armor
29:36 Husbandry
29:46 Bloodlines
30:37 Chain Barding Armor
30:46 Elite Magyar Huszar
33:20 Plate Barding Armor
33:25 Recurve Bow
33:54 Ballistics
34:35 Chemistry
34:38 Parthian Tactics
邦多利第一耐摔王-莫提斯
5:42 Loom
11:11 Feudal Age
12:52 Double-Bit Axe
15:59 Castle Age
17:42 Bow Saw
18:50 Gold Mining
22:25 Wheelbarrow
23:34 Hand Cart
25:01 Gold Shaft Mining
24:17 Stone Mining
28:24 Scale Barding Armor
28:30 Forging
31:53 Imperial Age
30:43 Chain Barding Armor
30:58 Iron Casting
31:46 Husbandry
31:58 Cavalier
33:05 Conscription
33:59 Chemistry
33:14 Siege Engineers
34:01 Plate Barding Armor
34:26 Blast Furnace
33:45 Paladin
40:01 Chivalry
Connection lost

Rejoining the realm…

Still unreachable

The connection could not be restored.

Session expired

The server has moved on; the page needs a fresh start.